 Dungeon Crawl Stone Soup version 0.31.0-11-ge490571c62 (webtiles) character file.

Game seed: 4354761190426582077

94 qw the Shooter (level 4, -6/22 HPs)
             Began as a Spriggan Hunter on Feb 4, 2024.
             Mangled by an orc
             ... wielding a +0 hand axe
              (7 damage)
             ... on level 3 of the Dungeon.
             The game lasted 00:00:05 (1389 turns).

qw the Shooter (Spriggan Hunter)                    Turns: 1389, Time: 00:00:05

Health: -6/22      AC:  2    Str:  7    XL:     4   Next: 38%
Magic:  5/5        EV: 20    Int: 10    God:
Gold:   37         SH:  0    Dex: 20    Spells: 3/3 levels left

rFire   . . .        a - +0 shortbow
rCold   . . .        (shield currently unavailable)
rNeg    . . .        c - +0 robe
rPois   .            (helmet restricted)
rElec   .            (no cloak)
rCorr   .            (gloves unavailable)
SInv    +            (boots unavailable)
Will    .....        (no amulet)
Stlth   ++           (no ring)
HPRegen 0.23/turn    (no ring)
MPRegen 0.09/turn

%: no passive effects
@: very quick
A: very small, no large weapons, unfitting armour, see invisible, speed 3
a: no special abilities


You were on level 3 of the Dungeon.
You visited 1 branch of the dungeon, and saw 3 of its levels.

You collected 163 gold pieces.
You spent 126 gold pieces at shops.


Innate Abilities, Weirdness & Mutations

You are very small and have problems with some larger weapons.
You are too small for most types of armour.
You have supernaturally acute eyesight. (SInv)
You cover ground extremely quickly. (Speed+++)


   Skills:
 - Level 1.5 Fighting
 - Level 5.1 Ranged Weapons
 + Level 4.7 Dodging
 - Level 1.5 Stealth


You had 3 spell levels left.
You didn't know any spells.
Your spell library was empty.

Inventory:

Hand Weapons
 a - a +0 shortbow (weapon)
Armour
 c - a +0 robe (worn)
Jewellery
 g - a ring of protection from cold
Scrolls
 b - a scroll of noise {unknown}
 d - a scroll of enchant armour
Potions
 e - a potion of cancellation
 f - a potion of resistance

Dungeon Overview and Level Annotations

Branches:
Dungeon (3/15)

Altars:

Shops:
D:2 ?(![[


Message History

The orc closely misses you. The orc barely misses you.
You shoot an arrow.
The arrow hits the orc but does no damage.
The orc is severely wounded.
The orc barely misses you. The orc misses you.
You shoot an arrow. The arrow hits the orc.
The orc is severely wounded.
The orc closely misses you. x2
You shoot an arrow. The arrow hits the orc.
The orc is almost dead.
The orc hits you with a +0 club. The orc misses you.
You shoot an arrow. The arrow barely misses the orc.
The orc misses you. The orc completely misses you.
You shoot an arrow. The arrow completely misses the orc.
The orc closely misses you. The orc hits you with a +0 short sword.
You shoot an arrow. The arrow closely misses the orc.
The orc barely misses you. x2; The orc completely misses you.
The orc barely misses you.
You shoot an arrow. The arrow barely misses the orc.
The orc closely misses you. x2
You shoot an arrow. The arrow closely misses the orc.
The orc barely misses you. x2
You shoot an arrow. The arrow barely misses the orc.
The orc barely misses you. The orc completely misses you.
You shoot an arrow.
The arrow hits the orc but does no damage.
The orc is severely wounded.
The orc hits you with a +0 club. The orc closely misses you.
You shoot an arrow. The arrow hits the orc!
You kill the orc!
You shoot an arrow. The arrow barely misses the orc.
The orc closely misses you. The orc misses you.
You shoot an arrow.
The arrow hits the orc but does no damage.
The orc completely misses you. The orc hits you with a +0 hand axe.
The orc misses you. x2
You shoot an arrow.
The arrow hits the orc but does no damage.
The orc hits you with a +0 club. The orc hits you with a +0 hand axe!
You die...

....########.#
...........#.#
#..........#.#
#.###.#.####.#
....#.#.####.#
..#.#.#....#.#####
..#.#.#.##.......#
..#.#.#.####.###.#
..#.#.#.# #.###@#
..#.#.#.####...#oooS#
..#.#.#....'...####....#
....#.##...#...# #!..
.####.##...#...# #.
......##...#...#
########...#...# #
#)..#...# # #...#...#


You could see 3 orcs and a ball python.

Vanquished Creatures
  Jessica (D:2)
  3 adders (D:2)
  A ribbon worm (D:2)
  2 orcs (D:3)
  5 ball pythons
  2 endoplasms
  3 giant cockroaches
  4 hobgoblins
  A jackal (D:2)
  2 quokkas (D:2)
  4 frilled lizards
  3 goblins
  2 kobolds (D:2)
  4 rats
37 creatures vanquished.

Notes
Turn   | Place    | Note
-------+----------+-------------------------------------------
     0 | D:1      | qw the Spriggan Hunter began the quest for the Orb.
     0 | D:1      | Reached XP level 1. HP: 10/10 MP: 2/2
     0 | D:1      | 0 ||| qw: Version: 0.3-a-160-g6735b56
     0 | D:1      | 0 ||| qw: Game counter: 4812
     0 | D:1      | 0 ||| qw: Melee chars always use a shield: true
     0 | D:1      | 0 ||| qw: God list: Okawaru
     0 | D:1      | 0 ||| qw: Allow faded altars: false
     0 | D:1      | 0 ||| qw: Do Orc after clearing Dungeon:15 true
     0 | D:1      | 0 ||| qw: Do second Lair branch before Depths: true
     0 | D:1      | 0 ||| qw: Lair rune preference: random
     0 | D:1      | 0 ||| qw: Goals: Normal
     0 | D:1      | 0 ||| PLANNING D:1-11
    65 | D:1      | Reached skill level 3 in Dodging
   465 | D:1      | Reached XP level 2. HP: 14/14 MP: 3/3
   589 | D:1      | 589 ||| READING scroll labelled DOOXTU GIOL.
   590 | D:1      | 590 ||| READING scroll labelled IDECIO WOICRA.
   691 | D:1      | 691 ||| DROPPING scroll of butterflies.
   703 | D:2      | Found Ralonod's Armour Boutique.
   707 | D:2      | Found Cuergh's Armour Emporium.
   711 | D:2      | 711 ||| SHOPLISTING +1 troll leather armour (220 gold, have
                  | 70).
   711 | D:2      | 711 ||| SHOPLISTING +2 cloak (165 gold, have 70).
   711 | D:2      | 711 ||| SHOPLISTING +2 robe of cold resistance (177 gold,
                  | have 70).
   711 | D:2      | 711 ||| SHOPLISTING +2 robe of positive energy (147 gold,
                  | have 70).
   756 | D:2      | Noticed Jessica
   776 | D:2      | Killed Jessica
   777 | D:2      | Reached XP level 3. HP: 8/18 MP: 4/4
   777 | D:2      | 777 ||| FLEEEEING.
   846 | D:2      | 846 ||| SHOPLISTING +2 robe of fire resistance (177 gold,
                  | have 79).
   892 | D:2      | 892 ||| FLEEEEING.
   894 | D:2      | 894 ||| FLEEEEING.
   895 | D:2      | 895 ||| FLEEEEING.
   896 | D:2      | 896 ||| FLEEEEING.
   897 | D:2      | 897 ||| FLEEEEING.
   898 | D:2      | 898 ||| FLEEEEING.
   899 | D:2      | 899 ||| FLEEEEING.
   900 | D:2      | 900 ||| FLEEEEING.
   905 | D:2      | 905 ||| FLEEEEING.
   906 | D:2      | 906 ||| FLEEEEING.
   956 | D:2      | Reached XP level 4. HP: 22/22 MP: 5/5
   966 | D:2      | Reached skill level 5 in Ranged Weapons
   980 | D:2      | Found Cucu's Weapon Emporium.
   986 | D:2      | 986 ||| SHOPLISTING +1 shortbow of freezing (148 gold, have
                  | 127).
  1015 | D:2      | Found Taecoerch's Magic Scroll Emporium.
  1023 | D:2      | 1023 ||| BUYING scroll of enchant armour (82 gold).
  1023 | D:2      | Bought a scroll of enchant armour for 82 gold pieces
  1023 | D:2      | 1023 ||| SHOPLISTING scroll of enchant armour (82 gold,
                  | have 60).
  1023 | D:2      | 1023 ||| BUYING scroll of identify (22 gold).
  1023 | D:2      | Bought a scroll of identify for 22 gold pieces
  1023 | D:2      | 1023 ||| BUYING scroll of identify (22 gold).
  1023 | D:2      | Bought a scroll of identify for 22 gold pieces
  1023 | D:2      | 1023 ||| SHOPLISTING scroll of identify (22 gold, have 16).
  1023 | D:2      | 1023 ||| SHOPLISTING scroll of teleportation (33 gold, have
                  | 16).
  1082 | D:2      | Found Qaojugut's Distillery.
  1092 | D:2      | 1092 ||| SHOPLISTING 2 potions of enlightenment (120 gold,
                  | have 16).
  1092 | D:2      | 1092 ||| SHOPLISTING potion of cancellation (96 gold, have
                  | 16).
  1092 | D:2      | 1092 ||| SHOPLISTING potion of curing (36 gold, have 16).
  1092 | D:2      | 1092 ||| SHOPLISTING potion of enlightenment (60 gold, have
                  | 16).
  1092 | D:2      | 1092 ||| SHOPLISTING potion of heal wounds (60 gold, have
                  | 16).
  1180 | D:2      | 1180 ||| READING 3 scrolls of identify.
  1180 | D:2      | 1180 ||| IDENTIFYING bubbling yellow potion
  1181 | D:2      | 1181 ||| READING 2 scrolls of identify.
  1181 | D:2      | 1181 ||| IDENTIFYING fizzy pink potion
  1182 | D:2      | 1182 ||| READING scroll of identify.
  1182 | D:2      | 1182 ||| IDENTIFYING dark potion
  1183 | D:2      | 1183 ||| DROPPING potion of brilliance.
  1385 | D:3      | HP: 5/22 [orc/+0 club (3)]
  1389 | D:3      | HP: 1/22 [orc/+0 club (2)]
  1389 | D:3      | Mangled by an orc

Levels and vault maps discovered:
D:1:      nicolae_arrival_memento_mori, layout_loops_ring
D:2:      layout_rooms, serial_shops, nicolae_shop_waterfront, shop,
          nicolae_shop_tiny_waterfront, nicolae_shop_trees,
          nicolae_shop_tiny_glass, minmay_tetromino_o4, uniq_jessica
D:3:      layout_basic, uniq_robin

Skill      XL: |  1  2  3  4 |
---------------+-------------+-----
Dodging        | 3 4 |  4.7
Ranged Weapons | 5 |  5.1
Fighting       | |  1.5
Stealth        | |  1.5

Action                     |  1- 3 |  4- 6 || total
---------------------------+-------+-------++-------
   Fire: Shortbow          |    79 |    55 ||   134
    Use: Scroll            |     2 |     3 ||     5
 Armour: Robe              |    12 |    12 ||    24
  Dodge: Dodged            |    26 |    38 ||    64

Table legend:
 A = Non-vault XP
 B = Vault XP
 C = Vault XP percentage of total XP
 D = Non-vault monster count
 E = Vault monster count
 F = Vault count percentage of total count
                 A         B        C        D         E       F
            +---------+---------+-------+---------+---------+-------
      Total |      81 |      54 |  40.0 |      33 |       4 |  10.8
            +---------+---------+-------+---------+---------+-------
        D:1 |      12 |       0 |   0.0 |       8 |       0 |   0.0
        D:2 |      57 |      54 |  48.6 |      19 |       4 |  17.4
        D:3 |      12 |       0 |   0.0 |       6 |       0 |   0.0
            +---------+---------+-------+---------+---------+-------
